TOP OF THE 1ST |
Cincinnati Reds batting - Pitching for Cleveland Guardians : RHP Drew Rickelman
|
Pitching: RHP Drew Rickelman
|
|
Batting: LHB Evan Torraville
|
0-0: Fly out, F8 (Flyball, 8LS, EV 85.0 MPH)
|
Batting: LHB Antonio Figueroa
|
0-0: Called Strike 0-1: Ball 1-1: Ball 2-1: Called Strike 2-2: Fly out, F7 (Flyball, 7S, EV 81.9 MPH)
|
Batting: SHB Jun Tsuda
|
0-0: Ball 1-0: Foul Ball, location: 2F 1-1: Foul Ball, location: 2F 1-2: Foul Ball, location: 2F 1-2: Ground out U3 (Groundball, 3L, EV 88.8 MPH)
|
Top of the 1st over - 0 runs, 0 hits, 0 errors, 0 left on base; Cincinnati 0 - Cleveland 0 |
BOTTOM OF THE 1ST |
Cleveland Guardians batting - Pitching for Cincinnati Reds : LHP Marco Berrios
|
Pitching: LHP Marco Berrios
|
|
Batting: RHB Rick O'Reilly
|
0-0: Swinging Strike 0-1: Called Strike 0-2: Foul Ball, location: 2F 0-2: Ball 1-2: Foul Ball, location: 2F 1-2: Strikes out swinging
|
Batting: RHB Jasper Burd
|
0-0: Called Strike 0-1: Ball 1-1: Foul Ball, location: 2F 1-2: Foul Ball, location: 2F 1-2: Ball 2-2: Foul Ball, location: 2F 2-2: Strikes out swinging
|
Batting: RHB Nick Ogle
|
0-0: Called Strike 0-1: Ball 1-1: Swinging Strike 1-2: Ball 2-2: Fly out, F4 (Popup, 4, EV 51.9 MPH)
|
Bottom of the 1st over - 0 runs, 0 hits, 0 errors, 0 left on base; Cincinnati 0 - Cleveland 0 |
TOP OF THE 2ND |
Cincinnati Reds batting - Pitching for Cleveland Guardians : RHP Drew Rickelman
|
Batting: LHB Chris Grunwald
|
0-0: Called Strike 0-1: Ball 1-1: Ball 2-1: Called Strike 2-2: Ball 3-2: Ground out 6-3 (Groundball, 6, EV 79.4 MPH)
|
Batting: RHB Tony Casas
|
0-0: Foul Ball, location: 2F 0-1: Ball 1-1: Foul Ball, location: 2F 1-2: Strikes out swinging
|
Batting: RHB Juan Reyes
|
0-0: Called Strike 0-1: Ball 1-1: Swinging Strike 1-2: Foul Ball, location: 2F 1-2: Foul Ball, location: 2F 1-2: Ground out 1-3 (Groundball, 15, EV 68.8 MPH)
|
Top of the 2nd over - 0 runs, 0 hits, 0 errors, 0 left on base; Cincinnati 0 - Cleveland 0 |
BOTTOM OF THE 2ND |
Cleveland Guardians batting - Pitching for Cincinnati Reds : LHP Marco Berrios
|
Batting: SHB Valentin Laporte
|
0-0: Called Strike 0-1: Ball 1-1: SINGLE (Groundball, 34D, EV 100.0 MPH)
|
Batting: RHB Nick Sharp
|
0-0: Grounds into double play, 5-4-3 (Groundball, 56, EV 90.6 MPH)
|
Batting: RHB Aaron Matthews
|
0-0: Ball 1-0: Called Strike 1-1: Ball 2-1: Ball 3-1: SOLO HOME RUN (Flyball, 7D, EV 100.6 MPH), Distance : 401 ft
|
Batting: LHB Corey Trevor
|
0-0: Called Strike 0-1: Called Strike 0-2: Ball 1-2: Fly out, F9 (Line Drive, 9S, EV 106.2 MPH)
|
Bottom of the 2nd over - 1 run, 2 hits, 0 errors, 0 left on base; Cincinnati 0 - Cleveland 1 |
TOP OF THE 3RD |
Cincinnati Reds batting - Pitching for Cleveland Guardians : RHP Drew Rickelman
|
Batting: RHB Fred Slade
|
0-0: SINGLE (Groundball, 34D, EV 96.9 MPH)
|
Batting: RHB Bruno André
|
0-0: Ball 1-0: Called Strike 1-1: 2-RUN HOME RUN (Flyball, 7LD, EV 101.2 MPH), Distance : 383 ft
|
Batting: RHB Joseph Kirchmann
|
0-0: Ball 1-0: Ball 2-0: Called Strike 2-1: Foul Ball, location: 2F 2-2: Foul Ball, location: 2F 2-2: Fly out, F7 (Flyball, 7D, EV 107.5 MPH)
|
Batting: LHB Evan Torraville
|
0-0: Ground out 4-3 (Groundball, 34D, EV 91.9 MPH)
|
Batting: LHB Antonio Figueroa
|
0-0: Ball 1-0: Ball 2-0: Called Strike 2-1: SINGLE (Line Drive, 9S, EV 93.1 MPH)
|
Batting: SHB Jun Tsuda
|
0-0: Called Strike 0-1: Swinging Strike 0-2: Ball 1-2: Foul Ball, location: 2F 1-2: Ball 2-2: Ball 3-2: Foul Ball, location: 2F 3-2: SINGLE (Line Drive, 7S, EV 94.4 MPH) Antonio Figueroa to second Antonio Figueroa to third
|
Batting: LHB Chris Grunwald
|
0-0: SINGLE (Groundball, 25, EV 73.1 MPH) (infield hit) Antonio Figueroa scores Jun Tsuda to second
|
Batting: RHB Tony Casas
|
0-0: Ball 1-0: Ground out U3 (Groundball, 13, EV 82.5 MPH)
|
Top of the 3rd over - 3 runs, 5 hits, 0 errors, 2 left on base; Cincinnati 3 - Cleveland 1 |
BOTTOM OF THE 3RD |
Cleveland Guardians batting - Pitching for Cincinnati Reds : LHP Marco Berrios
|
Batting: LHB Hector Pedroso
|
0-0: Foul Ball, location: 2F 0-1: Ball 1-1: Called Strike 1-2: Ball 2-2: Fly out, F7 (Flyball, 78M, EV 95.6 MPH)
|
Batting: LHB Alejandro Soriano
|
0-0: Ball 1-0: Foul Ball, location: 2F 1-1: Ball 2-1: Foul Ball, location: 2F 2-2: Fly out, F9 (Flyball, 89S, EV 88.8 MPH)
|
Batting: RHB Rick O'Reilly
|
0-0: Ball 1-0: Ground out 5-3 (Groundball, 5S, EV 83.1 MPH)
|
Bottom of the 3rd over - 0 runs, 0 hits, 0 errors, 0 left on base; Cincinnati 3 - Cleveland 1 |
TOP OF THE 4TH |
Cincinnati Reds batting - Pitching for Cleveland Guardians : RHP Drew Rickelman
|
Batting: RHB Juan Reyes
|
0-0: Ball 1-0: Foul Ball, location: 2F 1-1: Called Strike 1-2: Strikes out looking
|
Batting: RHB Fred Slade
|
0-0: Swinging Strike 0-1: DOUBLE (Line Drive, 9LD, EV 102.5 MPH)
|
Batting: RHB Bruno André
|
0-0: Ball 1-0: SINGLE (Line Drive, 7S, EV 93.1 MPH) Fred Slade to third
|
Batting: RHB Joseph Kirchmann
|
0-0: Called Strike 0-1: Foul Ball, location: 2F 0-2: Ball 1-2: Ball 2-2: Strikes out swinging
|
Batting: LHB Evan Torraville
|
0-0: Ball 1-0: Called Strike 1-1: Ball 2-1: Foul Ball, location: 2F 2-2: Fielders Choice at 2nd, 6-4 (Groundball, 6, EV 87.5 MPH)
|
Top of the 4th over - 0 runs, 2 hits, 0 errors, 2 left on base; Cincinnati 3 - Cleveland 1 |
BOTTOM OF THE 4TH |
Cleveland Guardians batting - Pitching for Cincinnati Reds : LHP Marco Berrios
|
Batting: RHB Jasper Burd
|
0-0: Ball 1-0: Ball 2-0: Ball 3-0: Called Strike 3-1: Foul Ball, location: 2F 3-2: Base on Balls
|
Batting: RHB Nick Ogle
|
0-0: Ball 1-0: Swinging Strike 1-1: Called Strike 1-2: Ball 2-2: Foul Ball, location: 2F 2-2: Foul Ball, location: 2F 2-2: SINGLE (Line Drive, 5D, EV 105.6 MPH) Jasper Burd to second
|
Batting: SHB Valentin Laporte
|
0-0: Ball 1-0: Called Strike 1-1: Ball 2-1: Ball 3-1: Called Strike 3-2: Base on Balls Jasper Burd to third Nick Ogle to second
|
Batting: RHB Nick Sharp
|
0-0: Called Strike 0-1: Ball 1-1: Called Strike 1-2: Foul Ball, location: 2F 1-2: SINGLE (Groundball, 5L, EV 103.1 MPH) Jasper Burd scores Nick Ogle to third Valentin Laporte to second Runner from 3rd tries for Home, throw by LF and OUT! 7-2
|
Batting: RHB Aaron Matthews
|
0-0: Ball 1-0: Swinging Strike 1-1: Ball 2-1: Called Strike 2-2: Strikes out swinging
|
Batting: LHB Corey Trevor
|
0-0: Called Strike 0-1: Called Strike 0-2: Ball 1-2: Ball 2-2: Foul Ball, location: 2F 2-2: Ball 3-2: Fly out, F9 (Flyball, 89D, EV 105.6 MPH)
|
Bottom of the 4th over - 1 run, 2 hits, 0 errors, 2 left on base; Cincinnati 3 - Cleveland 2 |
TOP OF THE 5TH |
Cincinnati Reds batting - Pitching for Cleveland Guardians : RHP Drew Rickelman
|
Batting: LHB Antonio Figueroa
|
0-0: Ball 1-0: Fly out, F6 (Line Drive, 6, EV 68.1 MPH)
|
Batting: SHB Jun Tsuda
|
0-0: Called Strike 0-1: Foul Ball, location: 2F 0-2: Ball 1-2: Strikes out swinging
|
Batting: LHB Chris Grunwald
|
0-0: Foul Ball, location: 2F 0-1: Ball 1-1: Ball 2-1: Foul Ball, location: 2F 2-2: Fly out, F9 (Flyball, 9S, EV 88.1 MPH)
|
Top of the 5th over - 0 runs, 0 hits, 0 errors, 0 left on base; Cincinnati 3 - Cleveland 2 |
BOTTOM OF THE 5TH |
Cleveland Guardians batting - Pitching for Cincinnati Reds : LHP Marco Berrios
|
Batting: LHB Hector Pedroso
|
0-0: Ball 1-0: Swinging Strike 1-1: Swinging Strike 1-2: Foul Ball, location: 2F 1-2: Strikes out swinging
|
Batting: LHB Alejandro Soriano
|
0-0: Ground out 6-3 (Groundball, 6M, EV 107.5 MPH)
|
Batting: RHB Rick O'Reilly
|
0-0: Ball 1-0: Ball 2-0: Called Strike 2-1: Ball 3-1: Base on Balls
|
Batting: RHB Jasper Burd
|
0-0: Ball 1-0: Ball 2-0: Foul Ball, location: 2F 2-1: Foul Ball, location: 2F 2-2: Ball 3-2: SINGLE (Groundball, 56D, EV 104.4 MPH) Rick O'Reilly to second Rick O'Reilly to third
|
Batting: RHB Nick Ogle
|
0-0: Swinging Strike 0-1: Ground out 4-3 (Groundball, 4, EV 79.4 MPH)
|
Bottom of the 5th over - 0 runs, 1 hit, 0 errors, 2 left on base; Cincinnati 3 - Cleveland 2 |
TOP OF THE 6TH |
Cincinnati Reds batting - Pitching for Cleveland Guardians : RHP Drew Rickelman
|
Batting: RHB Tony Casas
|
0-0: Ball 1-0: Called Strike 1-1: Ball 2-1: Foul Ball, location: 2F 2-2: Foul Ball, location: 2F 2-2: Foul Ball, location: 2F 2-2: Ball 3-2: SOLO HOME RUN (Flyball, 7LD, EV 100.6 MPH), Distance : 398 ft
|
Batting: RHB Juan Reyes
|
0-0: Ball 1-0: Ground out 6-3 (Groundball, 6, EV 103.1 MPH)
|
Batting: RHB Fred Slade
|
0-0: Ball 1-0: Foul Ball, location: 2F 1-1: Ball 2-1: Ball 3-1: Foul Ball, location: 2F 3-2: Base on Balls
|
Batting: RHB Bruno André
|
0-0: Called Strike 0-1: SINGLE (Groundball, 25, EV 69.4 MPH) (infield hit) Fred Slade to second
|
Batting: RHB Joseph Kirchmann
|
0-0: Called Strike 0-1: Ball 1-1: Swinging Strike 1-2: Ball 2-2: Strikes out looking
|
Pitching: RHP Kensaku Shiba
|
|
Batting: LHB Evan Torraville
|
0-0: Called Strike 0-1: Ball 1-1: Foul Ball, location: 2F 1-2: Strikes out looking
|
Top of the 6th over - 1 run, 2 hits, 0 errors, 2 left on base; Cincinnati 4 - Cleveland 2 |
BOTTOM OF THE 6TH |
Cleveland Guardians batting - Pitching for Cincinnati Reds : LHP Marco Berrios
|
Batting: SHB Valentin Laporte
|
0-0: Ball 1-0: Ball 2-0: Foul Ball, location: 2F 2-1: Foul Ball, location: 2F 2-2: Foul Ball, location: 2F 2-2: Foul Ball, location: 2F 2-2: Ground out 6-3 (Groundball, 6, EV 79.4 MPH)
|
Batting: RHB Nick Sharp
|
0-0: Foul Ball, location: 2F 0-1: Foul Ball, location: 2F 0-2: DOUBLE (Line Drive, 7LS, EV 103.1 MPH)
|
Pitching: RHP Jay Rapini
|
|
Batting: RHB Aaron Matthews
|
0-0: Swinging Strike 0-1: Fly out, F8 (Line Drive, 8RM, EV 85.0 MPH)
|
Batting: LHB Corey Trevor
|
0-0: 2-RUN HOME RUN (Flyball, 7D, EV 99.4 MPH), Distance : 411 ft
|
Batting: LHB Hector Pedroso
|
0-0: Ball 1-0: Ball 2-0: Ball 3-0: Base on Balls
|
Batting: LHB Alejandro Soriano
|
Pickoff Throw to First - Out! 1-3
|
Bottom of the 6th over - 2 runs, 2 hits, 0 errors, 0 left on base; Cincinnati 4 - Cleveland 4 |
TOP OF THE 7TH |
Cincinnati Reds batting - Pitching for Cleveland Guardians : RHP Kensaku Shiba
|
Batting: LHB Antonio Figueroa
|
0-0: Ground out 4-3 (Groundball, 34D, EV 91.2 MPH)
|
Batting: SHB Jun Tsuda
|
0-0: Ball 1-0: Ball 2-0: Ball 3-0: Base on Balls
|
Batting: LHB Chris Grunwald
|
0-0: Ball 1-0: Grounds into double play, 6-4-3 (Groundball, 6, EV 100.0 MPH)
|
Top of the 7th over - 0 runs, 0 hits, 0 errors, 0 left on base; Cincinnati 4 - Cleveland 4 |
BOTTOM OF THE 7TH |
Cleveland Guardians batting - Pitching for Cincinnati Reds : RHP Jay Rapini
|
Batting: LHB Alejandro Soriano
|
0-0: Ball 1-0: Ball 2-0: Ball 3-0: Called Strike 3-1: Called Strike 3-2: Fly out, F8 (Flyball, 8RM, EV 95.0 MPH)
|
Batting: RHB Rick O'Reilly
|
0-0: Called Strike 0-1: Ball 1-1: Fly out, F5 (Popup, 5S, EV 75.6 MPH)
|
Batting: RHB Jasper Burd
|
0-0: Ball 1-0: Ball 2-0: Called Strike 2-1: SOLO HOME RUN (Flyball, 7LD, EV 99.4 MPH), Distance : 394 ft
|
Batting: RHB Nick Ogle
|
0-0: Ball 1-0: Called Strike 1-1: Ball 2-1: Swinging Strike 2-2: Foul Ball, location: 2F 2-2: Ball 3-2: Foul Ball, location: 2F 3-2: Fly out, F9 (Flyball, 9LM, EV 103.8 MPH)
|
Bottom of the 7th over - 1 run, 1 hit, 0 errors, 0 left on base; Cincinnati 4 - Cleveland 5 |
TOP OF THE 8TH |
Cincinnati Reds batting - Pitching for Cleveland Guardians : RHP Kensaku Shiba
|
Now at 2B: Henri Cederberg
|
|
Now at 3B: Jasper Burd
|
|
Now in RF: Rick O'Reilly
|
|
Batting: RHB Tony Casas
|
0-0: Called Strike 0-1: Called Strike 0-2: Ball 1-2: SOLO HOME RUN (Line Drive, 7D, EV 99.4 MPH), Distance : 400 ft
|
Batting: RHB Juan Reyes
|
0-0: Called Strike 0-1: Foul Ball, location: 2F 0-2: Ball 1-2: Strikes out looking
|
Batting: RHB Fred Slade
|
0-0: Called Strike 0-1: Ball 1-1: Ball 2-1: Swinging Strike 2-2: Foul Ball, location: 2F 2-2: Ball 3-2: Ground out 6-3 (Groundball, 6, EV 104.4 MPH)
|
Batting: RHB Bruno André
|
0-0: Ball 1-0: Called Strike 1-1: Foul Ball, location: 2F 1-2: Ball 2-2: Ball 3-2: Foul Ball, location: 2F 3-2: Strikes out swinging
|
Top of the 8th over - 1 run, 1 hit, 0 errors, 0 left on base; Cincinnati 5 - Cleveland 5 |
BOTTOM OF THE 8TH |
Cleveland Guardians batting - Pitching for Cincinnati Reds : RHP Jay Rapini
|
Batting: SHB Valentin Laporte
|
0-0: Called Strike 0-1: Ball 1-1: Ball 2-1: Ball 3-1: Called Strike 3-2: Strikes out looking
|
Batting: RHB Nick Sharp
|
0-0: SOLO HOME RUN (Flyball, 7D, EV 97.5 MPH), Distance : 394 ft
|
Pitching: LHP Eddie Grape
|
|
Batting: RHB Aaron Matthews
|
0-0: Swinging Strike 0-1: Ball 1-1: Ball 2-1: Swinging Strike 2-2: Strikes out swinging
|
Batting: LHB Corey Trevor
|
0-0: Swinging Strike 0-1: Called Strike 0-2: Strikes out swinging
|
Bottom of the 8th over - 1 run, 1 hit, 0 errors, 0 left on base; Cincinnati 5 - Cleveland 6 |
TOP OF THE 9TH |
Cincinnati Reds batting - Pitching for Cleveland Guardians : RHP Kensaku Shiba
|
Pitching: RHP Chris Cohen
|
|
Now at 1B: John Harring
|
|
Batting: RHB Joseph Kirchmann
|
0-0: Called Strike 0-1: Ball 1-1: Ball 2-1: Foul Ball, location: 2F 2-2: Ball 3-2: Base on Balls
|
Batting: LHB Evan Torraville
|
0-0: Called Strike 0-1: Ball 1-1: Ball 2-1: Called Strike 2-2: Ball 3-2: Base on Balls Joseph Kirchmann to second
|
Batting: LHB Antonio Figueroa
|
0-0: Called Strike 0-1: Reached on error, E6 (Groundball, 6, EV 88.8 MPH) Joseph Kirchmann to third Evan Torraville to second
|
Batting: SHB Jun Tsuda
|
0-0: Grounds into fielders choice 4-2 (Groundball, 4, EV 81.9 MPH) Evan Torraville to third Antonio Figueroa to second
|
Batting: LHB Chris Grunwald
|
0-0: Ball 1-0: Ball Wild Pitch! Evan Torraville scores Antonio Figueroa to third Jun Tsuda to second 2-0: Swinging Strike 2-1: Ball 3-1: Foul Ball, location: 2F 3-2: Strikes out looking
|
Batting: RHB Tony Casas
|
0-0: Intentional Walk
|
Pinch Hitting: SHB Saulo Maina
|
0-0: Ball 1-0: Ball 2-0: Called Strike 2-1: Called Strike 2-2: SINGLE (Groundball, 4MS, EV 60.6 MPH) (infield hit) Antonio Figueroa scores Jun Tsuda to third Tony Casas to second
|
Batting: RHB Fred Slade
|
0-0: Called Strike 0-1: Ball 1-1: Ball 2-1: Foul Ball, location: 2F 2-2: Strikes out swinging
|
Top of the 9th over - 2 runs, 1 hit, 1 error, 3 left on base; Cincinnati 7 - Cleveland 6 |
BOTTOM OF THE 9TH |
Cleveland Guardians batting - Pitching for Cincinnati Reds : LHP Eddie Grape
|
Pitching: RHP Ryan Terlizzi
|
|
Now at 2B: Saulo Maina
|
|
Now at 3B: Antonio Figueroa
|
|
Batting: LHB Hector Pedroso
|
0-0: Called Strike 0-1: Ball 1-1: Swinging Strike 1-2: Strikes out swinging
|
Batting: LHB Alejandro Soriano
|
0-0: Called Strike 0-1: Ball 1-1: Ball 2-1: Ball 3-1: Ground out 3-1 (Groundball, 34, EV 84.4 MPH)
|
Pinch Hitting: LHB Danny Dunham
|
0-0: Ball 1-0: Ball 2-0: Ball 3-0: Ground out 6-3 (Groundball, 56D, EV 97.5 MPH)
|
Bottom of the 9th over - 0 runs, 0 hits, 0 errors, 0 left on base; Cincinnati 7 - Cleveland 6 |
|